 Dungeon Crawl Stone Soup version 0.28.0-43-g3370ac3207 (webtiles) character file.

Game seed: 16506162441955976470

317 Kaptain the Digger (level 6, 0/36 HPs)
             Began as a Gargoyle Earth Elementalist on Mar 16, 2022.
             Slain by an orc priest
             ... wielding a +0 hand axe
              (3 damage)
             ... on level 3 of the Dungeon.
             The game lasted 00:04:24 (2343 turns).

Kaptain the Digger (Gargoyle Earth Elementalist)    Turns: 2343, Time: 00:04:25

Health: 0/36       AC:  7    Str: 12    XL:     6   Next: 44%
Magic:  3/10       EV: 11    Int: 17    God:
Gold:   44         SH:  6    Dex: 16    Spells: 7/11 levels left

rFire   . . .      SeeInvis .   j - +1 dagger (venom)
rCold   . . .      Faith    .   g - +2 buckler
rNeg    + . .      Spirit   .   f - +0 leather armour
rPois   ∞          Reflect  .   (no helmet)
rElec   +          Harm     .   (no cloak)
rCorr   .          Rampage  .   (no gloves)
Will    .....                   (no boots)
Stlth   ++........              (no amulet)
HPRegen 0.12/turn               h - +6 ring of dexterity
MPRegen 0.12/turn               (no ring)

@: very slightly contaminated
A: sickness immunity, AC +4, negative energy resistance 1, electricity
resistance, torment resistance 1, petrification resistance
a: no special abilities


You were on level 3 of the Dungeon.
You visited 1 branch of the dungeon, and saw 3 of its levels.

You collected 44 gold pieces.

Inventory:

Hand Weapons
 e - a +0 whip
 j - a +1 dagger of venom (weapon)
Missiles
 c - 50 stones
 k - 5 atropa-tipped darts
Armour
 b - a +0 robe
 f - a +0 leather armour (worn)
 g - a +2 buckler (worn)
Jewellery
 h - a +6 ring of dexterity (left hand)
Scrolls
 a - 6 scrolls of identify
 d - a scroll of blinking
 o - 2 scrolls of immolation {unknown}
Potions
 i - 2 potions of curing {unknown}
 l - a potion of heal wounds {unknown}
 m - a potion of might {unknown}
 n - 2 potions of mutation {unknown}
 p - a potion of flight {unknown}


   Skills:
 * Level 2.9 Fighting
 + Level 1.8 Armour
 - Level 1.5 Dodging
 - Level 2.1 Stealth
 + Level 1.7 Shields
 * Level 3.1 Spellcasting
 * Level 2.7 Conjurations
 - Level 0.7 Transmutations
 * Level 4.9 Earth Magic


You had 7 spell levels left.
You knew the following spells:

 Your Spells              Type           Power      Damage    Failure   Level
a - Sandblast             Erth           38%        2d10      3%          1
b - Stone Arrow           Conj/Erth      30%        3d8       19%         3

Your spell library contained the following spells:

 Spells                   Type           Power      Damage    Failure   Level
 Passwall                 Tmut/Erth      10%        N/A       14%         2
 Gell's Gravitas          Tloc           2%         N/A       65%         3
 Lesser Beckoning         Tloc           2%         N/A       65%         3
 Teleport Other           Tloc           2%         N/A       65%         3
 Petrify                  Tmut/Erth      12%        N/A       67%         4


Dungeon Overview and Level Annotations

Branches:
Dungeon (3/15)

Altars:
Makhleb
Vehumet
Wu Jian
Beogh


Innate Abilities, Weirdness & Mutations

You are immune to sickness and miasma.
Your stone body is resilient. (AC +4)
You are immune to poison.
You resist negative energy. (rN+)
You are resistant to electric shocks. (rElec)
You are resistant to unholy torment.
You are immune to petrification.


Message History

The orc hits you but does no damage. The orc hits you with a +0 club.
Unknown command.
Casting: Sandblast (safe; 3% risk of failure)
Confirm with . or Enter, or press ? or * to list all spells.
Aiming: Sandblast (safe; 3% risk of failure)
Press: ? - help, Shift-Dir - straight line, f/p - orc
Aim: an orc, wielding a +0 club (severely wounded, 79% to hit)
You miscast Sandblast.
Nothing appears to happen.
The orc hits you from afar with a +0 trident.
The orc hits you but does no damage.
Unknown command.
Casting: Sandblast (safe; 3% risk of failure)
Confirm with . or Enter, or press ? or * to list all spells.
Aiming: Sandblast (safe; 3% risk of failure)
Press: ? - help, Shift-Dir - straight line, f/p - orc
Aim: an orc, wielding a +0 club (severely wounded, 79% to hit)
The blast of sand hits the orc!
You kill the orc!
The orc hits you but does no damage.
The orc priest invokes the aid of Beogh against you.
Beogh smites you!
Casting: Sandblast (safe; 3% risk of failure)
Confirm with . or Enter, or press ? or * to list all spells.
Aiming: Sandblast (safe; 3% risk of failure)
Press: ? - help, Shift-Dir - straight line, f - orc
Aim: an orc, wielding a +0 dagger (79% to hit)
The blast of sand hits the orc!
You kill the orc!
The orc hits you from afar with a +0 trident!
* * * LOW HITPOINT WARNING * * *
Casting: Sandblast (safe; 3% risk of failure)
Confirm with . or Enter, or press ? or * to list all spells.
Aiming: Sandblast (safe; 3% risk of failure)
Press: ? - help, Shift-Dir - straight line, f - orc priest
Aim: an orc priest, wielding a +0 hand axe and wearing a +0 ring mail (82% to hit)
The blast of sand hits the orc priest!
The orc priest is heavily wounded.
You block the orc's attack.
The orc priest hits you with a +0 hand axe.
You die...

..# ##.# ##.##
#.>.###############
#.................#
#...#############.##
##### #.......#
#.####.## #.# ###
#@# #o# ..o $8.8$
#$$..$# #$8.8$#
##._$## #####


You could see an orc priest and an orc.

Vanquished Creatures
  Sigmund (D:2)
  A bullfrog skeleton (D:3)
  A gnoll shaman (D:2)
  3 gnolls (D:2)
  3 adders
  3 orcs (D:3)
  2 ball pythons
  7 bats
  An endoplasm (D:2)
  3 giant cockroaches (D:2)
  5 goblins
  5 hobgoblins
  3 quokkas
  3 frilled lizards
  2 rats
43 creatures vanquished.

Notes
Turn   | Place    | Note
-------+----------+-------------------------------------------
     0 | D:1      | Kaptain the Gargoyle Earth Elementalist began the quest for
                  | the Orb.
     0 | D:1      | Reached XP level 1. HP: 10/10 MP: 3/3
   465 | D:1      | Reached XP level 2. HP: 5/16 MP: 5/5
  1061 | D:1      | Reached skill level 1 in Fighting
  1188 | D:2      | Reached skill level 1 in Conjurations
  1188 | D:2      | Reached XP level 3. HP: 19/20 MP: 6/6
  1192 | D:2      | Learned a level 3 spell: Stone Arrow
  1208 | D:2      | Noticed Sigmund
  1260 | D:2      | Killed Sigmund
  1261 | D:2      | Reached skill level 1 in Armour
  1261 | D:2      | Reached skill level 1 in Shields
  1261 | D:2      | Reached skill level 4 in Earth Magic
  1261 | D:2      | Reached XP level 4. HP: 19/27 MP: 6/8
  1261 | D:2      | Reached XP level 5. HP: 22/31 MP: 6/9
  1740 | D:2      | Reached XP level 6. HP: 36/36 MP: 6/10
  2037 | D:3      | Found a faded altar of an unknown god.
  2101 | D:3      | Found an ornate altar of the Wu Jian Council.
  2103 | D:3      | Found a burning altar of Makhleb.
  2179 | D:3      | Found a radiant altar of Vehumet.
  2343 | D:3      | Slain by an orc priest

Illustrated notes

Levels and vault maps discovered:
D:1:      saegor_arrival_simple_d, layout_basic
D:2:      layout_basic, hex_medium, uniq_sigmund
D:3:      cheibrodos_helix_gallery, layout_loops_ring,
          mainiacjoe_overflow_chevrons,
          chequers_temple_overflow_statue_of_worship,
          hellmonk_ecumenical_altar_crossroads, kennysheep_orc_chapel

Skill      XL: |  1  2  3  4  5 |
---------------+----------------+-----
Fighting       | 1 2 |  2.9
Conjurations   | 1 2 |  2.7
Armour         | 1 |  1.8
Shields        | 1 |  1.7
Earth Magic    | 4 |  4.9
Spellcasting   | 3 |  3.1
Dodging        | |  1.5
Stealth        | |  2.1
Transmutations | |  0.7

Action                   |  1- 3 |  4- 6 || total
-------------------------+-------+-------++-------
Melee: Whip              |    20 |       ||    20
       Dagger            |    19 |    45 ||    64
 Cast: Sandblast         |     9 |    17 ||    26
  Use: Scroll            |     3 |       ||     3
 Stab: Sleeping          |       |     8 ||     8
Armor: Leather armour    |    16 |    17 ||    33
Dodge: Dodged            |    21 |    18 ||    39
Block: Buckler           |     1 |    14 ||    15
